 Dungeon Crawl Stone Soup version 0.24-a0-479-g9a978d2894 (webtiles) character file.

Game seed: 1054427751814877550

57 Elric the Insei (level 4, -2/34 HPs)
             Began as a Gnoll Transmuter on July 7, 2019.
             Slain by a gnoll
             ... wielding a +0 spear
              (5 damage)
             ... on level 2 of the Dungeon.
             The game lasted 00:02:13 (1061 turns).

Elric the Insei (Gnoll Transmuter)                  Turns: 1061, Time: 00:02:14

Health: -2/34      AC:  2    Str: 12    XL:     4   Next: 0%
Magic:  11/11      EV: 15    Int: 16    God:
Gold:   32         SH:  0    Dex: 16    Spells: 12/13 levels left

rFire    . . .     SeeInvis .   c - +1 spear (vamp)
rCold    . . .     Gourm    .   (no shield)
rNeg     . . .     Faith    .   b - +0 robe
rPois    .         Spirit   .   (no helmet)
rElec    .         Reflect  .   (no cloak)
rCorr    .         Harm     .   (no gloves)
MR       .....                  (no boots)
Stlth    ++........             (no amulet)
HPRegen  0.11/turn              (no ring)
MPRegen  0.12/turn              (no ring)

@: no status effects
A: distributed training, fangs 1, strong nose
a: no special abilities


You were on level 2 of the Dungeon.
You were hungry.

You visited 1 branch of the dungeon, and saw 2 of its levels.

You collected 32 gold pieces.

Inventory:

Hand Weapons
 c - a +1 vampiric spear (weapon)
Missiles
 a - 34 arrows
Armour
 b - a +0 robe (worn)
Scrolls
 e - a scroll of teleportation {unknown}
 h - 2 scrolls of identify {unknown}
 j - 4 scrolls of remove curse {unknown}
 l - a scroll of magic mapping {unknown}
 m - a scroll of fear {unknown}
 o - a scroll of immolation {unknown}
Potions
 f - 2 potions of might {unknown}
 g - a potion of degeneration {unknown}
 i - a potion of berserk rage {unknown}
 k - a potion of cancellation {unknown}
 n - a potion of flight {unknown}
Comestibles
 d - 3 rations


   Skills:
 + Level 2.6 Fighting
 + Level 1.0 Short Blades
 + Level 1.0 Long Blades
 + Level 1.0 Axes
 + Level 1.0 Maces & Flails
 + Level 1.0 Polearms
 + Level 1.0 Staves
 + Level 1.0 Slings
 + Level 1.0 Bows
 + Level 1.0 Crossbows
 + Level 1.0 Throwing
 + Level 1.0 Armour
 + Level 4.6 Dodging
 + Level 1.0 Stealth
 + Level 1.0 Shields
 + Level 6.5 Unarmed Combat
 + Level 5.0 Spellcasting
 + Level 0.7 Conjurations
 + Level 0.7 Hexes
 + Level 0.7 Charms
 + Level 0.7 Summonings
 + Level 0.7 Necromancy
 + Level 0.7 Translocations
 + Level 3.8 Transmutations
 + Level 0.7 Fire Magic
 + Level 0.7 Ice Magic
 + Level 0.7 Air Magic
 + Level 0.7 Earth Magic
 + Level 0.7 Poison Magic
 + Level 1.0 Invocations
 + Level 1.0 Evocations


You had 12 spell levels left.
You knew the following spells:

 Your Spells              Type           Power        Failure   Level  Hunger
a - Beastly Appendage     Tmut           ###...       3%          1    None

Your spell library contained the following spells:

 Spells                   Type           Power        Failure   Level  Hunger
 Sticks to Snakes         Tmut           ###.....     4%          2    #......
 Spider Form              Tmut/Pois      ##........   19%         3    ###....
 Ice Form                 Ice/Tmut       ##......     52%         4    ####...
 Blade Hands              Tmut           ###.......   65%         5    ######.


Dungeon Overview and Level Annotations

Branches:
Dungeon (2/15)

Altars:


Innate Abilities, Weirdness & Mutations

Your experience applies equally to all skills.
You have very sharp teeth.
Your uncanny sense of smell can sniff out nearby items.


Message History

The gnoll hits you from afar with a +0 spear. x2
You rip the net and break free!
The gnoll hits you from afar with a +0 spear.
The kobold throws a stone.
The stone barely misses you.
The gnoll hits you from afar with a +0 spear!
* * * LOW HITPOINT WARNING * * *
The gnoll completely misses you.
The gnoll shouts!
Your transformation is almost over.
Your talons disappear.
You are feeling hungry.
You see here a scale mail.
Found a coppery potion.
The gnoll hits you from afar with a +0 spear!
* * * LOW HITPOINT WARNING * * *
The gnoll shouts!
The gnoll closely misses you.
There is a stone staircase leading up here.
The gnoll hits you from afar with a +0 spear.
You die...

#.# (....# .####...##...
#g############.#.###.##.......###
#.##......g.##....... #.#...#)#
..##.....##.##.#.#.####.#..##.#
.......g.##.........#......##.#
####.....#####.#.#..#.#.#..##.###
#.....# #.g....#.#..........
####### ###.##........#####.
#@####......# #. #รท# ######.# #.
#.# ####.#####. #.## #.......##.
#..# #.......##) ##)# #.......#..
####.#####.......#..
#.......##.......#..
#.##.##.##.......##.


You could see a gnoll.

Vanquished Creatures
  2 adders (D:2)
  2 dart slugs (D:1)
  A worm (D:2)
  3 leopard geckos (D:1)
  6 goblins
  4 hobgoblins
  A quokka (D:2)
  A ball python (D:1)
  5 bats
  A frilled lizard (D:1)
  2 kobolds
  2 rats (D:1)
30 creatures vanquished.

Notes
Turn   | Place    | Note
-------+----------+-------------------------------------------
     0 | D:1      | Elric the Gnoll Transmuter began the quest for the Orb.
     0 | D:1      | Reached XP level 1. HP: 17/17 MP: 6/6
   172 | D:1      | Reached XP level 2. HP: 23/23 MP: 7/7
   525 | D:1      | Reached XP level 3. HP: 28/28 MP: 9/9
   538 | D:1      | Reached skill level 5 in Spellcasting
   734 | D:2      | Reached skill level 1 in Invocations
   939 | D:2      | Reached skill level 1 in Short Blades
   939 | D:2      | Reached skill level 1 in Long Blades
   939 | D:2      | Reached skill level 1 in Axes
   939 | D:2      | Reached skill level 1 in Maces & Flails
   939 | D:2      | Reached skill level 1 in Polearms
   939 | D:2      | Reached skill level 1 in Staves
   939 | D:2      | Reached skill level 1 in Slings
   939 | D:2      | Reached skill level 1 in Bows
   939 | D:2      | Reached skill level 1 in Crossbows
   939 | D:2      | Reached skill level 1 in Throwing
   939 | D:2      | Reached skill level 1 in Armour
   939 | D:2      | Reached skill level 1 in Stealth
   939 | D:2      | Reached skill level 1 in Shields
   939 | D:2      | Reached skill level 1 in Evocations
   939 | D:2      | Reached XP level 4. HP: 32/34 MP: 9/11
  1061 | D:2      | Slain by a gnoll

Levels and vault maps discovered:
D:1:      lightli_arrival_farm, layout_basic
D:2:      layout_loops_cross, serial_rivers, chequers_serial_rivers_small_3,
          chequers_serial_rivers_small_a, chequers_serial_rivers_room_a,
          chequers_serial_rivers_micro_a, minmay_pentomino_v2

Skill      XL: |  1  2  3 |
---------------+----------+-----
Spellcasting   | 5 |  5.0
Invocations    | 1 |  1.0
Short Blades   | 1 |  1.0
Long Blades    | 1 |  1.0
Axes           | 1 |  1.0
Maces & Flails | 1 |  1.0
Polearms       | 1 |  1.0
Staves         | 1 |  1.0
Slings         | 1 |  1.0
Bows           | 1 |  1.0
Crossbows      | 1 |  1.0
Throwing       | 1 |  1.0
Armour         | 1 |  1.0
Stealth        | 1 |  1.0
Shields        | 1 |  1.0
Evocations     | 1 |  1.0
Fighting       | |  2.6
Dodging        | |  4.6
Unarmed Combat | |  6.5
Conjurations   | |  0.7
Hexes          | |  0.7
Charms         | |  0.7
Summonings     | |  0.7
Necromancy     | |  0.7
Translocations | |  0.7
Transmutations | |  3.8
Fire Magic     | |  0.7
Ice Magic      | |  0.7
Air Magic      | |  0.7
Earth Magic    | |  0.7
Poison Magic   | |  0.7

Action                   |  1- 3 |  4- 6 || total
-------------------------+-------+-------++-------
Melee: Spear             |    81 |       ||    81
       Bite              |     3 |       ||     3
       Punch             |     1 |       ||     1
       Headbutt          |     4 |       ||     4
       Kick              |     2 |       ||     2
 Cast: Beastly Appendage |    10 |     1 ||    11
 Stab: Sleeping          |     4 |       ||     4
Armor: Robe              |     5 |       ||     5
Dodge: Dodged            |    32 |     3 ||    35

Table legend:
 A = Non-vault XP
 B = Vault XP
 C = Vault XP percentage of total XP
 D = Non-vault monster count
 E = Vault monster count
 F = Vault count percentage of total count
                 A         B        C        D         E       F
            +---------+---------+-------+---------+---------+-------
      Total |      80 |       2 |   2.4 |      29 |       1 |   3.3
            +---------+---------+-------+---------+---------+-------
        D:1 |      38 |       0 |   0.0 |      19 |       0 |   0.0
        D:2 |      42 |       2 |   4.5 |      10 |       1 |   9.1
            +---------+---------+-------+---------+---------+-------
